 Dungeon Crawl Stone Soup version 0.23.2-40-g277498a (webtiles) character file.

Game seed: 13405856914129593602

318078 Balder the Bludgeoner (level 20, -43/155 HPs)
             Began as a Demonspawn Fighter on Sept 16, 2019.
             Was the Champion of Okawaru.
             Killed from afar by a Hell Sentinel (49 damage)
             ... with damnation
             ... summoned by a deep elf demonologist
             ... on level 3 of the Elven Halls on Sept 17, 2019.
             The game lasted 06:35:38 (60682 turns).

Balder the Bludgeoner (Demonspawn Fighter)         Turns: 60682, Time: 06:35:39

Health: -43/155    AC: 27    Str: 24    XL:     20   Next: 57%
Magic:  0/30       EV: 17    Int: 10    God:    Okawaru [******]
Gold:   3720       SH: 21    Dex: 18    Spells: 19/19 levels left

rFire    + . .     SeeInvis +   a - +9 eveningstar (protect)
rCold    . . .     Gourm    .   M - +0 shield "Hoimm" {rN+ MR+}
rNeg     + . .     Faith    +   Q - +9 chain mail "Voduj" {rElec}
rPois    .         Spirit   +   (helmet unavailable)
rElec    +         Reflect  .   i - +0 cloak {MR+}
rCorr    .         Harm     .   t - +0 pair of gloves
MR       +++..                  V - +2 pair of boots {run}
Stlth    ++........             g - amulet of faith
HPRegen  0.35/turn              U - +4 ring of strength
MPRegen  0.44/turn              e - +2 ring of evasion

@: quick
A: antennae 3, large bone plates 2, demonic guardian 2, fire resistance 1, magic
shield, magic regeneration, flame cloud immunity
}: 2/15 runes: decaying, gossamer
a: Heroism, Finesse, Renounce Religion


You were on level 3 of the Elven Halls.
You worshipped Okawaru.
Okawaru was exalted by your worship.
You were hungry.

You visited 9 branches of the dungeon, and saw 38 of its levels.
You also visited: Ossuary.

You collected 3909 gold pieces.
You spent 189 gold pieces at shops.

Inventory:

Hand Weapons
 a - a +9 eveningstar of protection (weapon)
 b - a +2 eveningstar of draining
 c - the +5 long sword of Fatigue {flame, rF++ Str-2 Int+4 Dex+2}
   (Okawaru gifted it to you on level 4 of the Swamp)

   It has been specially enchanted to burn those struck by it, causing extra
   injury to most foes and up to half again as much damage against particularly
   susceptible opponents.
   Big, fiery blades are also staple armaments of hydra-hunters.
   It affects your strength (-2).
   It affects your intelligence (+4).
   It affects your dexterity (+2).
   It greatly protects you from fire.
 d - a +2 demon whip of electrocution
 m - a +6 demon trident of venom
 L - the +12 whip "Utogrod" {slash, +Rage rF- Str+4 Stlth+}
   (You found it on level 6 of the Dungeon)

   It inflicts extra damage upon your enemies.
   It affects your strength (+4).
   It makes you vulnerable to fire.
   It lets you go berserk.
   It makes you more stealthy.
 W - the +8 war axe "Edghe" {freeze, +Inv}
   (Okawaru gifted it to you on level 6 of the Lair of Beasts)

   It has been specially enchanted to freeze those struck by it, causing extra
   injury to most foes and up to half again as much damage against particularly
   susceptible opponents.
   It can also slow down cold-blooded creatures.
   It lets you turn invisible.
Missiles
 X - 2 tomahawks of returning (quivered)
Armour
 i - a +0 cloak of magic resistance (worn)
 q - a +0 large shield of poison resistance
 t - a +0 pair of gloves (worn)
 u - a +4 plate armour of fire resistance
 E - +0 storm dragon scales
 M - the +0 shield "Hoimm" (worn) {rN+ MR+}
   (You found it on level 9 of the Dungeon)

   It protects you from negative energy.
   It affects your resistance to hostile enchantments.
 Q - the +9 chain mail "Voduj" (worn) {rElec}
   (Okawaru gifted it to you on level 3 of the Elven Halls)

   It insulates you from electricity.
 T - a scarf of cloud immunity
 V - a +2 pair of boots of running (worn)
 Y - a scarf of repulsion
 Z - +0 shadow dragon scales
Jewellery
 e - a +2 ring of evasion (right hand)
 g - an amulet of faith (around neck)
 G - the ring "Himiwo" {rPois Str+3}
   (You took it off a deep elf sorcerer on level 3 of the Elven Halls)

   [ring of poison resistance]

   It affects your strength (+3).
   It protects you from poison.
 H - an uncursed ring of resist corrosion
 U - a +4 ring of strength (left hand)
Wands
 k - a wand of enslavement (2)
 o - a wand of clouds (3)
 p - a wand of disintegration (17)
 v - a wand of flame (59)
 w - a wand of iceblast (14)
 y - a wand of polymorph (46)
 z - a wand of random effects (19)
 C - a wand of scattershot (4)
 F - a wand of acid (5)
 P - a wand of paralysis (16)
Scrolls
 h - 21 scrolls of remove curse
 s - 19 scrolls of identify
 A - a scroll of fear
 D - 3 scrolls of magic mapping
 K - 4 scrolls of fog
 O - 7 scrolls of teleportation
Potions
 j - 2 potions of invisibility
 l - a potion of brilliance
 n - 11 potions of curing
 r - 4 potions of might
 x - 10 potions of flight
 B - 5 potions of mutation
 J - 3 potions of agility
 S - 3 potions of cancellation
Miscellaneous
 I - a fan of gales
 N - a phial of floods
 R - a box of beasts
Comestibles
 f - 30 rations


   Skills:
 * Level 12.7 Fighting
 - Level 5.7 Long Blades
 - Level 7.9(13.1) Axes
 * Level 16.3(16.8) Maces & Flails
 + Level 0.3(4.9) Polearms
 * Level 9.2 Throwing
 * Level 11.4 Armour
 * Level 10.5 Dodging
 * Level 10.9 Stealth
 * Level 15.4 Shields
 * Level 13.4 Invocations
 * Level 6.2 Evocations


You had 19 spell levels left.
You didn't know any spells.
Your spell library contained the following spells:

 Spells                   Type           Power        Failure   Level  Hunger
 Animate Skeleton         Necr           N/A          88%         1    ##.....
 Apportation              Tloc           #.....       88%         1    ##.....
 Beastly Appendage        Tmut           #.....       88%         1    ##.....
 Confusing Touch          Hex            #.....       88%         1    ##.....
 Corona                   Hex            #......      88%         1    ##.....
 Freeze                   Ice            #...         88%         1    ##.....
 Magic Dart               Conj           #...         88%         1    ##.....
 Shock                    Conj/Air       #...         88%         1    ##.....
 Summon Small Mammal      Summ           #...         88%         1    ##.....
 Call Imp                 Summ           #.......     96%         2    ###....
 Ensorcelled Hibernation  Hex/Ice        #.....       96%         2    ###....
 Searing Ray              Conj           #.....       96%         2    ###....
 Sticks to Snakes         Tmut           #.......     96%         2    ###....
 Swiftness                Chrm/Air       #.......     96%         2    ###....
 Throw Flame              Conj/Fire      #.....       96%         2    ###....
 Throw Frost              Conj/Ice       #.....       96%         2    ###....
 Call Canine Familiar     Summ           #.......     99%         3    ####...
 Confuse                  Hex            #.......     99%         3    ####...
 Dazzling Spray           Conj/Hex       #.....       99%         3    ####...
 Gell's Gravitas          Tloc           #.........   99%         3    ####...
 Ignite Poison            Fire/Tmut/Pois #.......     99%         3    ####...
 Ozocubu's Armour         Chrm/Ice       #.......     99%         3    ####...
 Recall                   Summ/Tloc      N/A          99%         3    ####...
 Spider Form              Tmut/Pois      #.........   99%         3    ####...
 Summon Guardian Golem    Hex/Summ       #.......     99%         3    ####...
 Tukima's Dance           Hex            #.......     99%         3    ####...
 Animate Dead             Necr           N/A          100%        4    #####..
 Force Lance              Conj/Tloc      #.......     100%        4    #####..
 Fulminant Prism          Conj/Hex       #.........   100%        4    #####..
 Ice Form                 Ice/Tmut       #.......     100%        4    #####..
 Iskenderun's Mystic Bla  Conj           #.......     100%        4    #####..
 Petrify                  Tmut/Erth      #.......     100%        4    #####..
 Summon Ice Beast         Ice/Summ       #.......     100%        4    #####..
 Summon Lightning Spire   Summ/Air       #.......     100%        4    #####..
 Throw Icicle             Conj/Ice       #.......     100%        4    #####..
 Blade Hands              Tmut           #.........   100%        5    ######.
 Borgnjor's Vile Clutch   Necr/Erth      #.........   100%        5    ######.
 Iskenderun's Battlesphe  Conj/Chrm      #.......     100%        5    ######.
 Lightning Bolt           Conj/Air       #.........   100%        5    ######.
 Metabolic Englaciation   Hex/Ice        #.........   100%        5    ######.
 Venom Bolt               Conj/Pois      #.........   100%        5    ######.
 Yara's Violent Unravell  Hex/Tmut       #.........   100%        5    ######.
 Death Channel            Necr           #.........   100%        6    #######
 Deflect Missiles         Chrm/Air       #.........   100%        6    #######
 Freezing Cloud           Conj/Ice/Air   #.........   100%        6    #######
 Ozocubu's Refrigeration  Ice            #.........   100%        6    #######
 Simulacrum               Ice/Necr       #.........   100%        6    #######
 Ring of Flames           Chrm/Fire      #.........   100%        7    #######


Dungeon Overview and Level Annotations

Branches:
Dungeon (15/15)            Temple (1/1) D:7            Lair (6/6) D:8
  Swamp (4/4) Lair:2       Spider (4/4) Lair:3        Slime (0/5) Lair:6
    Orc (2/2) D:12            Elf (3/3) Orc:2        Vaults (2/5) D:14
 Depths (1/5) D:15
  Crypt: Vaults:2-3

Altars:
Ashenzari
Cheibriados
Dithmenos
Elyvilon
Fedhas
Kikubaaqudgha
Makhleb
Okawaru
Sif Muna
Uskayaw
Vehumet
Wu Jian
Yredelemnul
Zin
The Shining One
Beogh

Shops:
D:6 (   D:7 ?   D:10 =   D:14 (   D:15 }   Orc:2 (*}*

Portals:
Hell: Depths:1

Annotations:
Lair:1 1 runed translucent door, bullsaxe1's ghost, journeyman TeAE
Lair:2 exclusion: 2 oklob plants
Lair:6 3 runed translucent doors, belikeron's ghost, journeyman HOFi; grimtooth's ghost, journeyman DrCj; virulentus's ghost, journeyman HuWn


Innate Abilities, Weirdness & Mutations

You have a pair of large antennae on your head. (SInv)
You are mostly covered in large bone plates. (SH +6)
A demonic guardian rushes to your aid.
Your flesh is heat resistant. (rF+)
When hurt, damage is shared between your health and your magic reserves.
You regenerate magic rapidly.
You are immune to clouds of flame.


Message History

Something smites you! You block the Hell Sentinel's attack.
The Hell Sentinel hits you but does no damage.
The deep elf mage casts a spell.
The deep elf mage blinks!
There is an open door here.
The Hell Sentinel gestures at you.
The sphere of damnation explodes!
The damnation engulfs you!!!
* * * LOW HITPOINT WARNING * * *
The damnation engulfs your smoke demon!!!
The Hell Sentinel gestures at you.
The sphere of damnation explodes!
The damnation engulfs your smoke demon!!!
Your smoke demon dies!
The Hell Sentinel gestures at you.
The sphere of damnation explodes!
The damnation engulfs you!!!
* * * LOW HITPOINT WARNING * * *
You feel better. The Hell Sentinel gestures at you.
The sphere of damnation explodes!
The damnation engulfs you!!!
You die...

#).).....###
#......### #####
#....### ###...###
#..### ###.......###
#### #...........#
#...........#
#.......[...#
#########..4....(.[.#
.3..2e..'.e1....@..<#
#########...........#
#...........#
###.......### #
*#'##...### ## ###
*#.#*#####
.###.#*#.#*
#.##.##.#* ##'...+**


You could see a Hell Sentinel, a deep elf demonologist and an ice devil.

Vanquished Creatures
  Mara (Elf:3)
  Mennas (Vaults:2)
  Saint Roka (Elf:3)
  Bai Suzhen (Elf:3)
  the Lernaean hydra (Swamp:4)
  A lich (Vaults:1)
  2 deep elf blademasters
  2 deep elf master archers (Elf:3)
  A thorn hunter (Swamp:3)
  Kirke (Spider:3)
  A shadow dragon (D:12)
  Agnes (D:15)
  Donald (Elf:3)
  A storm dragon (D:12)
  8 emperor scorpions
  3 vault wardens (Vaults:1)
  2 fire giants
  An orc warlord (Orc:2)
  3 ghost moths
  4 deep elf sorcerers (Elf:3)
  Louise (D:15)
  2 deep elf elementalists (Elf:3)
  4 stone giants
  3 ironheart preservers (Vaults:1)
  8 very ugly things
  8 deep elf demonologists
  8 deep elf annihilators
  Azrael (Spider:3)
  2 spark wasps (Spider:4)
  4 deep elf death magi
  2 ettins (Depths:1)
  3 deep elf high priests (Elf:3)
  4 great orbs of eyes
  2 yaktaur captains
  16 hydras
  6 ghost crabs (Swamp:3)
  A rakshasa (Depths:1)
  17 two-headed ogres
  2 shambling mangroves
  Erica (Orc:1)
  4 centaur warriors
  A death knight (Vaults:1)
  2 deep troll earth magi
  20 dancing weapons
  3 ogre magi
  7 alligators
  An orc high priest (Elf:2)
  Nergalle (Orc:1)
  15 deep elf knights
  2 skeletal warriors
  5 unseen horrors
  An unseen horror (shapeshifter) (Vaults:1)
  A lindwurm (Lair:6)
  A glowing orange brain (Depths:1)
  2 flayed ghosts
  3 deep trolls (Vaults:1)
  4 deep elf archers
  4 ironbrand convokers (Vaults:1)
  5 spriggan druids
  4 harpies (Vaults:1)
  A phantasmal warrior (D:14)
  10 swamp dragons
  14 orb spiders
  2 necromancers
  3 orc sorcerers
  2 wizards
  A wolf spider zombie (D:15)
  5 orc knights
  34 wolf spiders
  A tengu skeleton (Depths:1)
  An iron dragon zombie (Depths:1)
  A fire giant zombie (D:15)
  A shadow dragon skeleton (D:15)
  44 deep elf magi
  2 moths of wrath
  A cyclops (Vaults:1)
  11 ugly things
  A manticore (D:15)
  4 elephants (Lair:6)
  3 vault sentinels (Vaults:1)
  10 black mambas
  4 apocalypse crabs (Swamp:3)
  A guardian serpent (Lair:6)
  21 spiny frogs
  5 gargoyles
  3 torpor snails
  3 kobold demonologists
  2 large abominations (D:9)
  2 efreet (D:15)
  3 centaur skeletons
  2 tengu conjurers (D:15)
  13 yaktaurs
  2 freezing wraiths
  8 komodo dragons
  10 demonic crawlers
  A guardian mummy (D:15)
  A queen bee (Spider:1)
  14 trolls
  19 hornets
  3 meliai (Spider:1)
  3 polar bears (Lair:4)
  6 blink frogs
  A harpy skeleton (D:15)
  33 jumping spiders
  A queen bee (shapeshifter) (Depths:1)
  15 tyrant leeches
  27 slime creatures
  16 bog bodies
  A stone giant simulacrum (Depths:1)
  A frost giant simulacrum (Depths:1)
  4 hippogriffs
  Sigmund (D:3)
  3 air elementals
  A centaur simulacrum (D:12)
  A spriggan skeleton (D:15)
  2 spriggans (shapeshifter) (Elf:3)
  2 water elementals (Elf:2)
  61 redbacks
  A vampire (D:14)
  5 shadows
  A human simulacrum (Vaults:1)
  4 spriggans
  10 wyverns
  23 yaks
  26 tarantellas
  5 wraiths
  3 hogs (Spider:3)
  A human (Spider:3)
  Grum (Lair:1)
  2 basilisks
  4 fire elementals
  3 hungry ghosts
  A steam dragon (D:13)
  A yaktaur simulacrum (Vaults:1)
  15 swamp worms
  Menkaure (D:7)
  20 vampire mosquitoes
  2 acid dragons
  2 wargs
  29 water moccasins
  9 porcupines
  3 hell hounds (Spider:3)
  9 swamp drakes
  An ice beast (D:10)
  4 sky beasts
  52 orc warriors
  A hornet zombie (D:15)
  5 necrophages (Swamp:4)
  31 ogres
  A black bear (D:8)
  An eye of draining (shapeshifter) (Elf:2)
  3 phantoms
  A boggart (Vaults:1)
  22 centaurs
  4 wolves
  13 crocodiles
  13 big kobolds
  11 bullfrogs
  3 gnoll sergeants (D:12)
  2 small abominations
  5 earth elementals
  A glowing shapeshifter simulacrum (Depths:1)
  7 scorpions
  A tengu zombie (D:15)
  26 killer bees
  9 wights
  4 howler monkeys
  3 electric eels
  8 crimson imps
  4 centaur zombies
  5 bullfrog zombies
  A quasit (D:8)
  3 hounds
  11 jellies
  20 orc priests
  23 orc wizards
  3 iguanas
  12 worker ants
  A killer bee zombie (D:7)
  2 big kobold zombies (Ossuary)
  2 hound zombies
  2 hound skeletons
  4 mummies (Ossuary)
  2 worker ant zombies
  16 adders
  6 gnolls
  3 shadow imps
  5 oozes
  5 worms
  A dart slug (D:1)
  6 leopard geckos
  103 orcs
  8 giant cockroaches
  A gnoll zombie (Ossuary)
  8 goblins
  6 hobgoblins
  8 jackals
  6 quokkas
  3 ball pythons
  11 bats
  4 frilled lizards
  A goblin zombie (Ossuary)
  2 hobgoblin zombies (Ossuary)
  31 kobolds
  2 kobold zombies (Ossuary)
  A quokka zombie (D:5)
  2 rats
  A crawling corpse (Elf:3)
  4 plants
1418 creatures vanquished.

Vanquished Creatures (collateral kills)
  Nikola (Elf:1)
  Arachne (Spider:2)
  Jorgrun (Elf:2)
  Frances (Swamp:1)
  Gastronok (Lair:3)
  An orc warlord (Orc:2)
  A ghost moth (Spider:4)
  A stone giant (Depths:1)
  An entropy weaver (Spider:2)
  A deep elf death mage (Elf:2)
  A fire dragon (Depths:1)
  Josephine (Orc:2)
  3 ogre magi
  A yaktaur captain (Vaults:1)
  Harold (D:7)
  12 hydras
  5 two-headed ogres
  2 alligators (Swamp:1)
  2 skeletal warriors (D:13)
  3 large abominations (D:9)
  3 deep trolls (Depths:1)
  3 swamp dragons
  A deep elf archer (Vaults:1)
  3 orc knights (Orc:2)
  A wolf spider (Spider:2)
  2 orb spiders
  7 ugly things
  3 deep elf magi
  2 cyclopes
  An elephant (Lair:6)
  2 black mambas
  2 vault sentinels (Vaults:2)
  6 spiny frogs
  A gargoyle (D:15)
  A yaktaur (Vaults:1)
  A komodo dragon (Lair:6)
  A tyrant leech (Swamp:2)
  2 polar bears (Lair:4)
  3 slime creatures
  2 bog bodies (Swamp:4)
  A hippogriff (Lair:2)
  2 blink frogs
  A spriggan (Swamp:3)
  2 redbacks (Spider:2)
  A tarantella (Spider:4)
  3 wraiths
  17 yaks
  2 wyverns
  A hog (Spider:3)
  3 vampire mosquitoes
  A warg (Orc:2)
  A swamp worm (Swamp:4)
  4 water moccasins (Lair:6)
  2 porcupines
  An ice beast (D:7)
  8 orc warriors (Orc:2)
  2 swamp drakes (Swamp:4)
  6 small abominations (D:9)
  5 ogres
  2 wolves
  A centaur (Orc:2)
  2 crocodiles (Lair:2)
  8 killer bees (Lair:2)
  An electric eel (Spider:4)
  A howler monkey (D:4)
  2 crimson imps
  A hound (D:5)
  3 orc priests
  An iguana (D:10)
  2 orc wizards
  A hound skeleton (D:4)
  A gnoll (D:5)
  An adder zombie (D:7)
  A worm (D:3)
  A dart slug (D:4)
  A leopard gecko (D:5)
  15 orcs
  A kobold (D:11)
197 creatures vanquished.

Vanquished Creatures (others)
  A two-headed ogre (Vaults:1)
  A deep elf knight (Elf:3)
  A swamp dragon (Swamp:3)
  A tyrant leech (Swamp:4)
  A hornet (Vaults:1)
  An orc warrior (D:15)
  2 scorpions (Spider:3)
  An iguana (D:4)
  A gnoll (D:5)
  2 briar patches (Swamp:3)
  22 fungi
  31 plants
  7 withered plants
72 creatures vanquished.

Grand Total: 1687 creatures vanquished

Notes
Turn   | Place    | Note
-------+----------+-------------------------------------------
     0 | D:1      | Balder the Demonspawn Fighter began the quest for the Orb.
     0 | D:1      | Reached XP level 1. HP: 18/18 MP: 1/1
   193 | D:1      | Gained mutation: When hurt, damage is shared between your
                  | health and your magic reserves. [demonic ancestry]
   193 | D:1      | Reached XP level 2. HP: 24/24 MP: 2/2
   552 | D:1      | Reached skill level 2 in Maces & Flails
  1206 | D:2      | Gained mutation: You are partially covered in large bone
                  | plates. (SH +4) [demonic ancestry]
  1206 | D:2      | Reached XP level 3. HP: 18/29 MP: 3/3
  1748 | D:2      | Reached skill level 1 in Stealth
  1975 | D:2      | Gained mutation: You have a pair of small antennae on your
                  | head. [demonic ancestry]
  1975 | D:2      | Reached XP level 4. HP: 24/35 MP: 4/4
  2551 | D:3      | Noticed Sigmund
  2557 | D:2      | Reached skill level 1 in Dodging
  2797 | D:3      | Killed Sigmund
  2797 | D:3      | Reached skill level 3 in Maces & Flails
  2797 | D:3      | Gained mutation: A weak demonic guardian rushes to your
                  | aid. [demonic ancestry]
  2797 | D:3      | Reached XP level 5. HP: 39/41 MP: 5/5
  2797 | D:3      | Reached XP level 6. HP: 45/47 MP: 6/6
  3251 | D:3      | Found a blossoming altar of Fedhas.
  3545 | D:4      | Found a sand-covered staircase.
  3566 | D:4      | Found a glowing silver altar of Zin.
  3589 | D:4      | Gained mutation: You regenerate magic rapidly. [demonic
                  | ancestry]
  3589 | D:4      | Reached XP level 7. HP: 52/53 MP: 7/7
  3590 | D:4      | Reached skill level 4 in Maces & Flails
  3686 | Ossuary  | Entered an ossuary
  4399 | D:4      | Found a radiant altar of Vehumet.
  4458 | D:4      | Found a shadowy altar of Dithmenos.
  4685 | D:5      | Entered Level 5 of the Dungeon
  5008 | D:5      | Reached skill level 1 in Axes
  5019 | D:5      | Found a hide-covered altar of Uskayaw.
  5234 | D:5      | Gained mutation: You have a pair of antennae on your head.
                  | [demonic ancestry]
  5234 | D:5      | Reached XP level 8. HP: 60/60 MP: 8/8
  5288 | D:5      | Reached skill level 5 in Maces & Flails
  5556 | D:5      | Found a deep blue altar of Sif Muna.
  5556 | D:5      | Found a snail-covered altar of Cheibriados.
  5556 | D:5      | Found a shattered altar of Ashenzari.
  6352 | D:6      | Found Tyilecrest's Antique Weapon Boutique.
  6526 | D:6      | Got a polished whip
  6527 | D:6      | Identified the +12 whip "Utogrod" {slash, +Rage rF- Str+4
                  | Stlth+} (You found it on level 6 of the Dungeon)
  7108 | D:6      | Bought a glowing broad axe for 189 gold pieces
  7169 | D:7      | Found a staircase to the Ecumenical Temple.
  7295 | Temple   | Entered the Ecumenical Temple
  7345 | Temple   | Became a worshipper of Warmaster Okawaru
  7537 | D:7      | Reached skill level 5 in Shields
  7614 | D:7      | Reached skill level 5 in Fighting
  7626 | D:7      | Found Burien's Magic Scroll Boutique.
  7679 | D:7      | Reached * piety under Okawaru
  7755 | D:7      | Noticed Harold
  7776 | D:7      | Killed Harold
  7776 | D:7      | Reached ** piety under Okawaru
  7776 | D:7      | Reached *** piety under Okawaru
  7776 | D:7      | Reached skill level 6 in Maces & Flails
  7776 | D:7      | Reached skill level 5 in Armour
  7776 | D:7      | Reached XP level 9. HP: 59/68 MP: 9/9
  8363 | D:7      | Noticed Menkaure
  8369 | D:7      | Killed Menkaure
  8506 | D:7      | Reached **** piety under Okawaru
  8506 | D:7      | Reached skill level 1 in Invocations
  8587 | D:7      | Reached skill level 7 in Maces & Flails
  8801 | D:7      | Gained mutation: A demonic guardian rushes to your aid.
                  | [demonic ancestry]
  8801 | D:7      | Reached XP level 10. HP: 74/74 MP: 11/11
  8956 | D:7      | Reached ***** piety under Okawaru
  8981 | D:7      | Received a gift from Okawaru
  9614 | D:8      | Found an ornate altar of the Wu Jian Council.
  9683 | D:8      | Found a staircase to the Lair.
  9847 | D:8      | Noticed a two-headed ogre
  9850 | D:8      | Killed a two-headed ogre
 10240 | D:9      | Noticed a wizard
 10245 | D:9      | Killed a wizard
 10245 | D:9      | Reached skill level 8 in Maces & Flails
 10252 | D:9      | Noticed a large abomination
 10252 | D:9      | Noticed a large abomination
 10252 | D:9      | Noticed a large abomination
 10256 | D:9      | Killed a large abomination
 10271 | D:9      | Received a gift from Okawaru
 10274 | D:9      | Killed a large abomination
 10287 | D:9      | Killed a large abomination
 10287 | D:9      | Reached skill level 5 in Dodging
 10287 | D:9      | Reached XP level 11. HP: 26/81 MP: 8/13
 10579 | D:9      | Identified Payjesu's Reference Book on Aid
 10582 | D:9      | Got an ichor-stained shield
 10593 | D:9      | Identified the cursed +0 shield "Hoimm" {rN+ MR+} (You
                  | found it on level 9 of the Dungeon)
 10601 | D:9      | Got a slimy robe
 10622 | D:9      | Identified the cursed +0 robe "Ziach" {+Blink rPois rF+++
                  | Str-5} (You found it on level 9 of the Dungeon)
 11278 | D:10     | Entered Level 10 of the Dungeon
 11851 | D:10     | Found Anguymuri's Jewellery Shop.
 11964 | D:10     | Killed an unseen horror
 11964 | D:10     | Reached skill level 5 in Stealth
 12085 | D:10     | Noticed a two-headed ogre
 12100 | D:10     | Killed a two-headed ogre
 12100 | D:10     | Reached ****** piety under Okawaru
 12100 | D:10     | Received a gift from Okawaru
 12129 | D:10     | Reached skill level 9 in Maces & Flails
 12661 | Lair:1   | Entered Level 1 of the Lair of Beasts
 12695 | Lair:1   | Noticed Grum
 12725 | Lair:1   | Killed Grum
 12753 | Lair:1   | Found a runed translucent door.
 12754 | Lair:1   | Noticed bullsaxe1's ghost (journeyman TeAE)
 13879 | Lair:2   | Noticed an oklob plant
 13879 | Lair:2   | Noticed an oklob plant
 13961 | Lair:2   | Reached skill level 1 in Throwing
 14317 | Lair:2   | Received a gift from Okawaru
 14331 | Lair:2   | Identified a +2 pair of boots of running (Okawaru gifted it
                  | to you on level 2 of the Lair of Beasts)
 14448 | Lair:2   | Reached skill level 5 in Invocations
 14618 | Lair:2   | Found a staircase to the Swamp.
 14643 | Lair:2   | Gained mutation: You are mostly covered in large bone
                  | plates. (SH +6) [demonic ancestry]
 14643 | Lair:2   | Reached XP level 12. HP: 89/89 MP: 15/15
 15625 | Lair:3   | Noticed Gastronok
 15667 | Lair:3   | Killed Gastronok
 15668 | Lair:3   | Received a gift from Okawaru
 15876 | Lair:3   | Found a hole to the Spider Nest.
 16370 | Lair:3   | Reached skill level 10 in Maces & Flails
 17335 | Lair:4   | Received a gift from Okawaru
 18465 | Lair:5   | Noticed a four-headed hydra
 18474 | Lair:5   | Killed a four-headed hydra
 18664 | Lair:5   | Gained mutation: You have a pair of large antennae on your
                  | head. (SInv) [demonic ancestry]
 18664 | Lair:5   | Reached XP level 13. HP: 90/96 MP: 17/17
 19172 | Lair:6   | Entered Level 6 of the Lair of Beasts
 19206 | Lair:6   | Identified the Incunabulum of Cankerous Ice
 19247 | Lair:6   | Received a gift from Okawaru
 19255 | Lair:6   | Got a pitted war axe {god gift}
 19268 | Lair:6   | Identified the +8 war axe "Edghe" {freeze, +Inv} (Okawaru
                  | gifted it to you on level 6 of the Lair of Beasts)
 19301 | Lair:6   | Reached skill level 10 in Shields
 19418 | Lair:6   | Reached skill level 11 in Maces & Flails
 19808 | Lair:6   | Received a gift from Okawaru
 19835 | Lair:6   | Received a gift from Okawaru
 19923 | Lair:6   | Reached skill level 5 in Axes
 20203 | Lair:6   | Found a runed translucent gate.
 20204 | Lair:6   | Found a runed translucent gate.
 20205 | Lair:6   | Found a runed translucent gate.
 20432 | Lair:6   | Got a fine battleaxe
 20439 | Lair:6   | Identified the +8 battleaxe of Wayl Dui {chop, +Fly rElec
                  | rC- rN+} (You found it on level 6 of the Lair of Beasts)
 20678 | Lair:6   | Found a staircase to the Slime Pits.
 21212 | Lair:6   | Noticed grimtooth's ghost (journeyman DrCj)
 21212 | Lair:6   | Noticed virulentus's ghost (journeyman HuWn)
 21212 | Lair:6   | Noticed belikeron's ghost (journeyman HOFi)
 21271 | Lair:6   | Received a gift from Okawaru
 22172 | D:11     | Identified a scroll of acquirement
 22175 | D:11     | Got a smelly plate armour
 22186 | D:11     | Identified the +5 plate armour of the Special Souls {Int+5}
                  | (You acquired it on level 11 of the Dungeon)
 23037 | D:12     | Gained mutation: Your flesh is heat resistant. (rF+)
                  | [demonic ancestry]
 23037 | D:12     | Reached XP level 14. HP: 105/105 MP: 19/19
 23205 | D:12     | Received a gift from Okawaru
 23331 | D:12     | Found a runed translucent door.
 23332 | D:12     | Noticed a fire giant
 23436 | D:12     | Found a staircase to the Orcish Mines.
 23903 | D:12     | Noticed a storm dragon
 23904 | D:12     | Killed a fire giant
 23930 | D:12     | Killed a storm dragon
 23969 | D:12     | Noticed a shadow dragon
 23990 | D:12     | Killed a shadow dragon
 23990 | D:12     | Reached skill level 12 in Maces & Flails
 24314 | Orc:1    | Entered Level 1 of the Orcish Mines
 24516 | Orc:2    | Entered Level 2 of the Orcish Mines
 24643 | Orc:2    | Received a gift from Okawaru
 24969 | Orc:2    | Noticed Josephine
 24982 | Orc:2    | Killed Josephine
 25007 | Orc:2    | Found Harausmun's Gadget Emporium.
 25007 | Orc:2    | Found Odwein's General Store.
 25009 | Orc:2    | Found Wownaip's Weapon Shop.
 25011 | Orc:2    | Found Xoeghin's Assorted Antiques.
 25200 | Orc:2    | Found a staircase to the Elven Halls.
 25516 | Orc:2    | Noticed an orc warlord
 25539 | Orc:2    | Killed an orc warlord
 25539 | Orc:2    | Received a gift from Okawaru
 25688 | Orc:2    | Noticed an orc warlord
 25731 | Orc:2    | Killed an orc warlord
 25968 | Orc:2    | Got a bloodstained falchion
 25969 | Orc:2    | Identified the +3 falchion of the Ghost {slice, Dex+3} (You
                  | found it on level 2 of the Orcish Mines)
 26130 | Elf:1    | Entered Level 1 of the Elven Halls
 26369 | Orc:1    | Noticed Nergalle
 26378 | Orc:1    | Killed Nergalle
 26400 | Orc:1    | Found a roughly hewn altar of Beogh.
 26413 | Orc:1    | Noticed Erica
 26422 | Orc:1    | Killed Erica
 27422 | Swamp:1  | Entered Level 1 of the Swamp
 27545 | Swamp:1  | Received a gift from Okawaru
 27545 | Swamp:1  | Reached skill level 1 in Long Blades
 27549 | Swamp:1  | Reached skill level 5 in Throwing
 27550 | Swamp:1  | Got a jewelled cloak {god gift}
 27745 | Swamp:1  | Identified the +0 cloak of Foteuf {rPois rF- Dex-4 Stlth+}
                  | (Okawaru gifted it to you on level 1 of the Swamp)
 27833 | Swamp:1  | Noticed Frances
 27883 | Swamp:1  | Killed Frances
 28428 | Swamp:2  | Reached XP level 15. HP: 99/112 MP: 18/21
 28466 | Swamp:2  | Paralysed by a hornet for 1 turns
 29229 | Swamp:4  | Entered Level 4 of the Swamp
 29268 | Swamp:4  | Received a gift from Okawaru
 29373 | Swamp:4  | Got a jewelled long sword {god gift}
 29732 | Swamp:4  | Received a gift from Okawaru
 29831 | Swamp:4  | Reached skill level 13 in Maces & Flails
 30157 | Swamp:4  | Identified the +5 long sword of Fatigue {flame, rF++ Str-2
                  | Int+4 Dex+2} (Okawaru gifted it to you on level 4 of the
                  | Swamp)
 30171 | Swamp:4  | Noticed the 27-headed Lernaean hydra
 30215 | Swamp:3  | HP: 2/113 [tyrant leech (12)]
 30707 | Swamp:3  | Noticed a thorn hunter
 31102 | Swamp:3  | Found a runed translucent door.
 31990 | Swamp:3  | Killed a thorn hunter
 31990 | Swamp:3  | Reached skill level 10 in Invocations
 32554 | Swamp:2  | Received a gift from Okawaru
 32782 | Swamp:1  | Reached XP level 16. HP: 64/120 MP: 19/23
 33049 | Swamp:1  | Received a gift from Okawaru
 34801 | D:14     | Found a gate to the Vaults.
 35121 | D:14     | Found Timaucw's Weapon Shop.
 35837 | D:15     | Entered Level 15 of the Dungeon
 35876 | D:15     | Found Xounwef's Gadget Shop.
 36000 | D:15     | Received a gift from Okawaru
 36053 | D:15     | Found a staircase to the Depths.
 36977 | Elf:1    | Reached skill level 10 in Fighting
 37048 | Elf:1    | Identified Plog's Grimoire of Damage Dealing
 37159 | Elf:1    | Noticed Nikola
 37173 | Elf:1    | Killed Nikola
 37428 | Elf:2    | Reached skill level 14 in Maces & Flails
 37795 | Elf:2    | Received a gift from Okawaru
 38237 | Elf:2    | Found a huge runed translucent gate.
 38237 | Elf:2    | Found a huge runed translucent gate.
 38237 | Elf:2    | Found a huge runed translucent gate.
 38237 | Elf:2    | Found a huge runed translucent gate.
 38239 | Elf:2    | Found a huge runed translucent gate.
 38239 | Elf:2    | Noticed Jorgrun
 38274 | Elf:2    | Killed Jorgrun
 38439 | Elf:2    | Reached XP level 17. HP: 81/128 MP: 8/25
 38833 | Elf:2    | Noticed a deep elf blademaster
 38884 | Elf:2    | Killed a deep elf blademaster
 39105 | Elf:2    | Received a gift from Okawaru
 39454 | Elf:3    | Entered Level 3 of the Elven Halls
 39454 | Elf:3    | Noticed Mara
 39663 | Elf:3    | Noticed Balder's illusion
 39932 | Elf:3    | Noticed Balder's illusion
 40403 | Elf:3    | Noticed Donald
 40412 | Elf:3    | Killed Donald
 40412 | Elf:3    | Received a gift from Okawaru
 41045 | Elf:3    | Received a gift from Okawaru
 41196 | Elf:3    | Noticed Saint Roka
 41236 | Elf:3    | Killed Saint Roka
 41236 | Elf:3    | Received a gift from Okawaru
 41485 | Elf:3    | Noticed a deep elf blademaster
 42087 | D:15     | Received a gift from Okawaru
 42087 | D:15     | Reached skill level 10 in Armour
 42386 | D:15     | Noticed Agnes
 42405 | D:15     | Killed Agnes
 42405 | D:15     | Reached skill level 5 in Long Blades
 42833 | D:15     | Noticed Louise
 42850 | D:15     | Killed Louise
 42850 | D:15     | Reached skill level 1 in Evocations
 43210 | Depths:1 | Entered Level 1 of the Depths
 43220 | Depths:1 | Found a gateway to Hell.
 43443 | Depths:1 | Got an ancient scale mail
 43467 | D:15     | Identified the +4 scale mail "Ubofi" {rElec} (You found it
                  | on level 1 of the Depths)
 43543 | Depths:1 | Received a gift from Okawaru
 43981 | Depths:1 | Noticed a lich
 44014 | Depths:1 | Received a gift from Okawaru
 44326 | Depths:1 | Received a gift from Okawaru
 44895 | Depths:1 | Received a gift from Okawaru
 45031 | Depths:1 | Reached XP level 18. HP: 102/138 MP: 19/26
 45795 | Spider:1 | Entered Level 1 of the Spider Nest
 46950 | Spider:1 | Received a gift from Okawaru
 46976 | Spider:1 | Got an iridescent longbow {god gift}
 46984 | Spider:1 | Identified the +9 longbow of Xihirumetz {flame, +Inv rElec
                  | rC+ MR+} (Okawaru gifted it to you on level 1 of the Spider
                  | Nest)
 47709 | Spider:2 | Reached skill level 15 in Maces & Flails
 48295 | Spider:2 | Noticed Arachne
 48327 | Spider:2 | Killed Arachne
 48327 | Spider:2 | Received a gift from Okawaru
 49508 | Spider:4 | Entered Level 4 of the Spider Nest
 51055 | Spider:4 | Reached skill level 10 in Stealth
 51213 | Spider:4 | Received a gift from Okawaru
 51333 | Spider:4 | Received a gift from Okawaru
 51812 | Spider:4 | Got a gossamer rune of Zot
 51946 | Spider:3 | Gained mutation: You are immune to clouds of flame.
                  | [demonic ancestry]
 51946 | Spider:3 | Reached XP level 19. HP: 144/144 MP: 28/28
 52357 | Spider:3 | Received a gift from Okawaru
 52511 | Spider:3 | Noticed Azrael
 52536 | Spider:3 | Killed Azrael
 52692 | Spider:3 | Received a gift from Okawaru
 52727 | Spider:3 | Got a polished dagger
 52728 | Spider:3 | Identified the +6 dagger "Jurufote" {drain, rPois} (You
                  | found it on level 3 of the Spider Nest)
 52767 | Spider:3 | Noticed Kirke
 52774 | Spider:3 | Killed Kirke
 53769 | Swamp:4  | Killed the 27-headed Lernaean hydra
 53769 | Swamp:4  | Received a gift from Okawaru
 53857 | Swamp:4  | Got a decaying rune of Zot
 54955 | Vaults:1 | Entered Level 1 of the Vaults
 55122 | Vaults:1 | Reached skill level 10 in Dodging
 55402 | Vaults:1 | Got a faintly humming leather armour
 55413 | Vaults:1 | Identified the +2 leather armour of Narcissism {rF+ rN+
                  | Slay+3} (You found it on level 1 of the Vaults)
 55661 | Vaults:1 | Reached skill level 5 in Evocations
 55851 | Vaults:1 | Received a gift from Okawaru
 55857 | Vaults:1 | Got a brightly glowing hand axe {god gift}
 55858 | Vaults:1 | Identified the +1 hand axe "Rasyinli" {chop, +Blink rN+++
                  | MR- Str-5} (Okawaru gifted it to you on level 1 of the
                  | Vaults)
 56613 | Vaults:1 | Received a gift from Okawaru
 57222 | Vaults:1 | Reached skill level 16 in Maces & Flails
 58092 | Vaults:2 | Reached XP level 20. HP: 145/153 MP: 29/29
 58163 | Vaults:2 | Noticed Mennas
 58205 | Vaults:2 | Killed Mennas
 58205 | Vaults:2 | Reached skill level 15 in Shields
 58914 | Elf:3    | Killed Mara
 58914 | Elf:3    | Received a gift from Okawaru
 59250 | Elf:3    | Identified the +9 short sword of Scorn {venom, +Rage +Inv
                  | rElec MR-}
 59250 | Elf:3    | Identified the ring "Himiwo" {rPois Str+3}
 59250 | Elf:3    | Noticed Bai Suzhen
 59265 | Elf:3    | Received a gift from Okawaru
 59304 | Elf:3    | Killed Bai Suzhen
 60205 | Elf:3    | Got a scorched chain mail {god gift}
 60220 | Elf:3    | Identified the +9 chain mail "Voduj" {rElec} (Okawaru
                  | gifted it to you on level 3 of the Elven Halls)
 60228 | Elf:3    | Identified the +4 rapier of the Ten Yaks {drain, rPois MR-
                  | Int+4}
 60232 | Elf:3    | Identified the ring of Makhleb's Supremacy {Ice +Inv Int+3}
 60680 | Elf:3    | HP: 1/155 [Hell Sentinel/damnation[a deep elf demonologist]
                  | (27)]
 60682 | Elf:3    | Killed from afar by a Hell Sentinel

Skill      XL: |  1  2  3  4  5  6  7  8  9 10 11 12 13 14 15 16 17 18 19 20 |
---------------+-------------------------------------------------------------+-----
Maces & Flails | 2 3 4 6 7 8 9 10 11 12 13 14 15 16 | 16.3
Shields        | 3 4 5 6 8 9 10 11 12 13 14 15 | 15.4
Armour         | 3 4 5 6 7 8 9 10 11 | 11.4
Stealth        | 1 2 3 4 5 6 7 8 9 10 | 10.9
Dodging        | 1 2 3 4 5 6 7 8 9 10 | 10.5
Fighting       | 4 5 6 7 8 9 10 11 12 | 12.7
Axes           | 1 2 3 4 5 6 7 |  7.9
Invocations    | 1 3 5 6 7 9 10 11 12 13 | 13.4
Throwing       | 1 3 4 5 6 7 8 9 |  9.2
Long Blades    | 1 3 4 5 |  5.7
Evocations     | 2 4 5 6 |  6.2
Polearms       | |  0.3

Action                   |  1- 3 |  4- 6 |  7- 9 | 10-12 | 13-15 | 16-18 | 19-21 || total
-------------------------+-------+-------+-------+-------+-------+-------+-------++-------
Melee: Flail             |   186 |   201 |     2 |       |       |       |       ||   389
       Morningstar       |       |       |   222 |       |       |       |       ||   222
       Whip              |       |       |   152 |   565 |   101 |       |       ||   818
       Broad axe         |       |       |    10 |       |       |       |       ||    10
       Eveningstar       |       |       |       |   193 |  1513 |  2006 |   936 ||  4648
       Battleaxe         |       |       |       |       |    16 |       |       ||    16
       War axe           |       |       |       |       |    17 |       |       ||    17
       Demon whip        |       |       |       |       |       |    66 |       ||    66
       Long sword        |       |       |       |       |       |    26 |       ||    26
       Double sword      |       |       |       |       |       |     6 |       ||     6
       Demon trident     |       |       |       |       |       |     3 |     7 ||    10
 Fire: Blowgun           |       |       |       |     2 |       |       |       ||     2
Throw: Throwing net      |       |       |     1 |       |       |       |       ||     1
       Tomahawk          |       |       |       |       |    57 |    40 |    48 ||   145
       Javelin           |       |       |       |       |     5 |     5 |       ||    10
Invok: Heroism           |       |       |       |       |    16 |    19 |    10 ||    45
       Finesse           |       |       |       |       |       |       |     3 ||     3
Evoke: Wand              |       |       |     3 |     2 |    15 |    33 |    29 ||    82
       Sack of spiders   |       |       |       |       |     1 |       |       ||     1
  Use: Scroll            |       |     3 |     7 |    17 |    16 |    21 |     7 ||    71
       Potion            |       |     1 |     1 |     6 |    14 |    12 |     8 ||    42
 Stab: Distracted        |       |       |     2 |     2 |    16 |     7 |     6 ||    33
       Sleeping          |       |       |       |       |     6 |     1 |     3 ||    10
       Petrifying        |       |       |       |       |     1 |       |       ||     1
       Confused          |       |       |       |       |       |     3 |     1 ||     4
       Held in net/web   |       |       |       |       |       |     1 |       ||     1
  Eat: Chunk             |     4 |     5 |     7 |    10 |    13 |     6 |     2 ||    47
       Ration            |       |       |     3 |     6 |    10 |    16 |     7 ||    42
Armor: Scale mail        |    51 |       |       |       |       |       |       ||    51
       Chain mail        |    42 |   112 |   149 |   144 |   122 |       |    25 ||   594
       Plate armour      |       |       |       |    38 |   105 |   586 |    96 ||   825
       Shadow dragon sca |       |       |       |       |   419 |     3 |   120 ||   542
Dodge: Dodged            |    36 |    37 |    73 |   155 |   540 |   464 |   327 ||  1632
       Deflected         |       |       |       |       |     2 |    16 |       ||    18
Block: Shield            |   104 |   154 |   249 |   528 |  1041 |   206 |   436 ||  2718
       Other             |       |       |       |       |     6 |       |       ||     6
       Large shield      |       |       |       |       |   783 |  1939 |   520 ||  3242
       Rpst.: Double sword |       |       |       |       |       |     1 |       ||     1
